 Dungeon Crawl Stone Soup version 0.17.2-1-ge4368a0 (webtiles) character file.

58 ololoev the Skirmisher (level 3, 20/29 HPs)
             Began as a Demonspawn Fighter on Oct 25, 2016.
             Quit the game on level 5 of the Dungeon.
             The game lasted 00:00:59 (203 turns).

ololoev the Skirmisher (Demonspawn Fighter)          Turns: 203, Time: 00:00:59

Health: 20/29      AC:  6    Str: 22    XL:     3   Next: 76%
Magic:  1/3        EV:  9    Int:  9    God:
Gold:   0          SH:  0    Dex: 12    Spells: 0 memorised, 2 levels left

rFire  . . .     SeeInvis .     a - +0 war axe
rCold  . . .     Clarity  .     b - +0 scale mail
rNeg   . . .     SustAt   .     (no shield)
rPois  .         Gourm    .     (no helmet)
rElec  .         Spirit   +     (no cloak)
rCorr  .         Warding  .     (no gloves)
rMut   .         Stasis   .     (no boots)
MR     .....                    (no amulet)
Stlth  ..........               (no ring)
                                (no ring)

@: mighty, not resistant to hostile enchantments, extremely unstealthy
A: hooves 1, magic shield
a: no special abilities


Innate Abilities, Weirdness & Mutations

You have large cloven feet.
When hurt, damage is shared between your health and your magic reserves.

Inventory:

Hand Weapons
 a - a +0 war axe (weapon)
Armour
 b - a +0 scale mail (worn)
Comestibles
 c - a fruit
 e - a bread ration
 f - a meat ration


   Skills:
 + Level 3.4 Fighting
 * Level 3.1 Axes
 + Level 3.1 Armour
   Level 2.6 Shields


You had 2 spell levels left.
You didn't know any spells.


You were on level 5 of the Dungeon.
You were not hungry.

You visited 1 branch of the dungeon, and saw 5 of its levels.

##.######
#......<#
######..#
.......@#
#####...#
#...#
#....
#.#.#
#.#.#
..#.#
.#.#.#

Notes
Turn   | Place    | Note
--------------------------------------------------------------
     0 | D:1      | ololoev the Demonspawn Fighter began the quest for the Orb.
     0 | D:1      | Reached XP level 1. HP: 18/18 MP: 1/1
   158 | D:4      | Gained mutation: When hurt, damage is shared between your health and your magic reserves. [demonic ancestry]
   158 | D:4      | Reached XP level 2. HP: 21/24 MP: 2/2
   195 | D:5      | Entered Level 5 of the Dungeon
   195 | D:5      | Noticed a scorpion
   202 | D:5      | Killed a scorpion
   202 | D:5      | Gained mutation: You have large cloven feet. [demonic ancestry]
   202 | D:5      | Reached XP level 3. HP: 20/29 MP: 1/3
   203 | D:5      | Quit the game

Dungeon Overview and Level Annotations

Branches:
Dungeon (5/15)
 Temple: D:4-7

Altars:


Message History

There is a stone staircase leading up here.
You hit the giant cockroach but do no damage.
The giant cockroach bites you but does no damage.
You barely miss the giant cockroach. The giant cockroach bites you.
The giant cockroach misses you.
You hit the giant cockroach.
You kill the giant cockroach!
You have reached level 2!
Your demonic ancestry asserts itself...
You feel your magical essence form a protective shroud around your flesh.
Found a dagger.
Found an escape hatch in the floor.
A worm comes into view.
Found a stone staircase leading down.
There is a stone staircase leading down here.
You climb downwards.
A scorpion comes into view.
There is a stone staircase leading up here.
Drink which item? (? for menu, Esc to quit)
You feel very mighty all of a sudden.
You barely miss the scorpion.
The scorpion stings you but does no damage. x2
You hit the scorpion.
The scorpion is moderately wounded.
The scorpion barely misses you.
You slash the scorpion!
The scorpion is severely wounded.
The scorpion stings you! The scorpion barely misses you.
You hit the scorpion.
You kill the scorpion!
Your Axes skill increases to level 3!
Your Armour skill increases to level 3!
You have reached level 3!
Your experience leads to an increase in your attributes!
Your base attributes are Str 16, Int 9, Dex 12.
Increase (S)trength, (I)ntelligence, or (D)exterity?
You feel stronger.
You feel monstrous as your demonic heritage exerts itself.
Your demonic ancestry asserts itself...
Your feet thicken and deform.
Are you sure you want to abandon this character and quit the game? (Confirm with "yes".)

There were no monsters in sight!

Vanquished Creatures
  A scorpion (D:5)
  A goblin (D:1)
  2 hobgoblins (D:1)
  A quokka (D:2)
  A bat (D:1)
  A giant cockroach (D:4)
  A kobold (D:1)
  A rat (D:3)
9 creatures vanquished.

Action                   || total
-------------------------++-------
Melee: War axe           ||    32
  Use: Potion            ||     1

Vault maps used:
D:1:      dpeg_arrival_brainrot, st_stairs_6
D:2:      grunt_ministairs_7, uniq_iyjb, uniq_terence
D:4:      kennysheep_little_box, gammafunk_temple_overflow_pools,
          dk_yredelemnul_ordeal
D:5:      first_bread
